 Dungeon Sprint DCSS version 0.20-a0-540-ge6d1839 (webtiles) character file.

13015 dvd the Fighter (level 11, -8/126 HPs)
             Began as a Troll Berserker on Jan 29, 2017.
             Was the Champion of Trog.
             Killed from afar by Xtahua (43 damage)
             ... with a searing blast
             ... in the Dungeon (Sprint III: "The Ten Rune Challenge").
             The game lasted 00:13:59 (2351 turns).

dvd the Fighter (Troll Berserker)                   Turns: 2351, Time: 00:14:00

Health: -8/126     AC: 13    Str: 27    XL:     11   Next: 70%
Magic:  10/10      EV: 16    Int:  4    God:    Trog [******]
Gold:   1619       SH:  0    Dex: 11    Spells: 10/10 levels left

rFire    + . .     SeeInvis .   a - +6 quarterstaff (protect)
rCold    . . .     Gourm    +   y - +2 robe {MR+}
rNeg     . . .     Faith    .   (shield currently unavailable)
rPois    .         Spirit   .   (helmet restricted)
rElec    .         Reflect  .   (no cloak)
rCorr    .         Harm     .   (gloves unavailable)
MR       +....     NoTele   +   (boots unavailable)
Stlth    +++.......             (no amulet)
Regen    0.8/turn               (no ring)
                                D - ring of protection from fire

@: exhausted, protection aura, slowed, very slow
A: unfitting armour, claws 3, camouflage 1, deformed body, fast metabolism 3,
gourmand, sense surroundings 1, regeneration 1, shaggy fur 1, tough skin 2
a: Berserk, Trog's Hand, Brothers in Arms, Burn Spellbooks, Renounce Religion


You were in the Dungeon.
You worshipped Trog.
Trog was exalted by your worship.
You were not hungry.

You visited 1 branch You collected 1969 gold pieces.
You spent 350 gold pieces at shops.

Inventory:

Hand Weapons
 a - a +6 quarterstaff of protection (weapon)
 k - a +1 antimagic eveningstar
 p - a +5 antimagic rapier
 u - a +1 vampiric lajatang
 v - a +5 dagger of freezing
 w - a +3 hunting sling of velocity
 x - a +6 antimagic giant spiked club
 z - a +6 antimagic giant club
 A - a +2 mace of draining
 B - a +2 antimagic halberd
 C - the +12 glaive of Prune {chop}
   (Trog gifted it to you in the Dungeon)

   It inflicts extra damage upon your enemies.
Armour
 b - a +0 animal skin
 j - a +0 robe of the Archmagi
 y - a +2 robe of magic resistance (worn)
Jewellery
 D - a ring of protection from fire (left claw)
Scrolls
 i - a scroll of blinking
 l - 2 scrolls of torment {unknown}
 m - 4 scrolls of identify
 n - 2 scrolls of remove curse {unknown}
Potions
 d - 2 potions of curing
 e - 2 potions of heal wounds
 f - a potion of haste
 g - 2 potions of magic
 h - a potion of berserk rage
 q - a potion of flight
 r - 2 potions of cure mutation
Miscellaneous
 t - a phantom mirror
Comestibles
 c - 3 bread rations
 o - a meat ration
 s - 23 royal jellies


   Skills:
 + Level 12.8 Fighting
 + Level 5.5 Short Blades
 + Level 12.7(14.6) Maces & Flails
 + Level 11.5(13.4) Staves
 + Level 12.4 Dodging
 + Level 3.9 Stealth


You had 10 spell levels left.
You didn't know any spells.

Dungeon Overview and Level Annotations

Branches:
Dungeon (1/1)

Altars:
Cheibriados
Dithmenos
Elyvilon
Fedhas
Gozag
Hepliaklqana
Kikubaaqudgha
Makhleb
Nemelex Xobeh
Okawaru
Qazlal
Ru
Sif Muna
Trog
Uskayaw
Vehumet
Xom
Yredelemnul
Zin
The Shining One
Beogh
Jiyva
Lugonu

Shops:
D (=?%

Annotations:
D Xtahua


Innate Abilities, Weirdness & Mutations

You are too large for most types of armour.
You have claws for hands.
Your metabolism is lightning-fast.
You like to eat raw meat.
Your natural rate of healing is unusually fast.
You are covered in fur. (AC +1)
You have very tough skin. (AC +2)
Your skin changes colour to match your surroundings (Stealth+).
Armour fits poorly on your strangely shaped body.
You passively map a small area around you.


Message History

You bludgeon the fire dragon!!
You kill the fire dragon!
Trog accepts your kill. Xtahua breathes flames at you.
The searing blast hits you! You resist.
* * * LOW HITPOINT WARNING * * *
You hear a roar!
You see here a fire dragon corpse.
You enter the shallow water.
Moving in this stuff is going to be slow.
You feel a strong urge to attack something.
You are no longer berserk.
You are exhausted.
You feel yourself slow down.
You barely miss Xtahua. Xtahua closely misses you. Xtahua barely misses you. x2
You hit Xtahua.
Xtahua is lightly wounded.
Xtahua breathes flames at you. The searing blast hits you! You resist.
You die...

* #.♣♣ ,*
#♣.♣ ** ♣.♣♣
* ≈ ♣♣.♣ * ,
* ♣.♣♣ * *
,, ♣.♣♣ ,, ,
* ♣..♣**, *
≈ ≈
♣♣.♣♣≈####♣♣
, ≈≈≈
♣♣.♣♣.D@†§♣
*
♣♣.≈♣♣♣♣♣♣≈♣
≈ ,, *
♣≈....§.§..♣
,
♣P.≈≈§.§§§.♣
≈
♣.♣≈.≈§§≈≈.♣
≈
♣♣♣♣♣♣♣♣∩∩∩♣
* ♣♣♣♣♣ * *
* * * ** *
** , ,, ,**


You could see Xtahua.

Vanquished Creatures
  A fire dragon (D)
  A centaur warrior (D)
  A death yak (D)
  Erica (D)
  An unseen horror (D)
  A deep elf mage (D)
  2 black mambas (D)
  2 spiny frogs (D)
  A rime drake (D)
  A komodo dragon (D)
  A queen bee (D)
  5 blink frogs (D)
  A shadow (D)
  A spatial vortex (D)
  3 wandering mushrooms (D)
  A swamp drake (D)
  2 hell hounds (D)
  A necrophage (D)
  2 centaurs (D)
  An earth elemental (D)
  A water elemental (D)
  16 killer bees (D)
  A jelly (D)
  An orc priest (D)
  A wizard (D)
  Jessica (D)
  A necromancer (D)
  3 humans (D)
  A kobold demonologist (D)
  A wolf (D)
  3 rats (D)
60 creatures vanquished.

Vanquished Creatures (collateral kills)
  Rupert (D)
  3 death yaks (D)
  2 orc high priests (D)
  An orc knight (D)
  An orc sorcerer (D)
  3 blink frogs (D)
  2 orc warriors (D)
  16 killer bees (D)
  A hound (D)
  An orc priest (D)
  3 orc wizards (D)
  6 orcs (D)
40 creatures vanquished.

Vanquished Creatures (others)
  2 draconian scorchers (D)
  6 hellions (D)
  2 yaktaurs (D)
  2 plants (D)
12 creatures vanquished.

Grand Total: 112 creatures vanquished

Notes
Turn   | Place    | Note
-------+----------+-------------------------------------------
     0 | D        | dvd the Troll Berserker began the quest for the Orb.
     0 | D        | Reached XP level 1. HP: 22/22 MP: 0/0
    22 | D        | Noticed Jessica
    26 | D        | Killed Jessica
    26 | D        | Reached ** piety under Trog
    26 | D        | Reached XP level 2. HP: 25/32 MP: 1/1
    95 | D        | Killed a hellion
    99 | D        | Killed a hellion
   100 | D        | Killed a hellion
   100 | D        | Killed a hellion
   104 | D        | Reached XP level 3. HP: 12/39 MP: 2/2
   166 | D        | Reached *** piety under Trog
   181 | D        | Killed a white draconian scorcher
   189 | D        | Killed a yaktaur
   195 | D        | Gained mutation: You have a pair of small horns on your head. [potion of mutation]
   195 | D        | Lost mutation: You have a pair of small horns on your head. [potion of mutation]
   195 | D        | Gained mutation: You passively map a small area around you. [potion of mutation]
   196 | D        | Gained mutation: Your skin changes colour to match your surroundings (Stealth+). [potion of mutation]
   196 | D        | Gained mutation: Armour fits poorly on your strangely shaped body. [potion of mutation]
   200 | D        | Killed a white draconian scorcher
   213 | D        | Noticed a water elemental
   220 | D        | Killed a water elemental
   220 | D        | Reached skill level 5 in Fighting
   220 | D        | Reached skill level 5 in Maces & Flails
   220 | D        | Reached skill level 5 in Dodging
   220 | D        | Reached XP level 4. HP: 35/50 MP: 3/3
   231 | D        | Killed a hellion
   260 | D        | Found a glowing silver altar of Zin.
   260 | D        | Found a glowing golden altar of the Shining One.
   260 | D        | Found a white marble altar of Elyvilon.
   261 | D        | Noticed a deep elf mage
   263 | D        | Noticed a hellwing
   269 | D        | Killed a deep elf mage
   269 | D        | Reached XP level 5. HP: 28/62 MP: 4/4
   269 | D        | Reached XP level 6. HP: 32/71 MP: 5/5
   320 | D        | Killed a hellion
   351 | D        | Found a radiant altar of Vehumet.
   352 | D        | Found a deep blue altar of Sif Muna.
   352 | D        | Found an ancient bone altar of Kikubaaqudgha.
   359 | D        | Reached **** piety under Trog
   360 | D        | Reached XP level 7. HP: 78/78 MP: 6/6
   365 | D        | Reached ***** piety under Trog
   404 | D        | Found a hide-covered altar of Uskayaw.
   404 | D        | Found a roughly hewn altar of Beogh.
   404 | D        | Found an iron altar of Okawaru.
   404 | D        | Found a bloodstained altar of Trog.
   404 | D        | Noticed a human
   405 | D        | Noticed a human
   413 | D        | Killed a human
   431 | D        | HP: 4/118 [human/club (5)]
   432 | D        | Killed a human
   432 | D        | Reached skill level 10 in Maces & Flails
   432 | D        | Reached skill level 1 in Stealth
   551 | D        | Found a basalt altar of Yredelemnul.
   551 | D        | Found a shadowy altar of Dithmenos.
   551 | D        | Found a sacrificial altar of Ru.
   556 | D        | Received a gift from Trog
   584 | D        | Noticed a shadow
   587 | D        | Killed a shadow
   587 | D        | Reached XP level 8. HP: 62/89 MP: 2/7
   643 | D        | Found a blossoming altar of Fedhas.
   643 | D        | Found a stormy altar of Qazlal.
   644 | D        | Found a snail-covered altar of Cheibriados.
   644 | D        | Found a burning altar of Makhleb.
   644 | D        | Found a hazy altar of Hepliaklqana.
   644 | D        | Found a shimmering altar of Xom.
   644 | D        | Found an opulent altar of Gozag.
   644 | D        | Found a sparkling altar of Nemelex Xobeh.
   644 | D        | Found a corrupted altar of Lugonu.
   644 | D        | Found a viscous altar of Jiyva.
   670 | D        | Noticed Erica
   688 | D        | Killed Erica
   728 | D        | Found a roughly hewn altar of Beogh.
   729 | D        | Noticed an orc knight
   729 | D        | Noticed an orc sorcerer
   730 | D        | Noticed an orc high priest
   730 | D        | Noticed an orc high priest
   734 | D        | Noticed an ice devil
   734 | D        | Noticed a hellwing
   737 | D        | Killed an orc high priest
   737 | D        | Reached XP level 9. HP: 72/100 MP: 2/8
   740 | D        | Killed an orc knight
   740 | D        | Reached skill level 10 in Dodging
   741 | D        | Killed an orc sorcerer
   741 | D        | Killed an orc high priest
   741 | D        | Reached ****** piety under Trog
   741 | D        | Reached skill level 10 in Fighting
   746 | D        | Received a gift from Trog
   753 | D        | Received a gift from Trog
   762 | D        | Killed a yaktaur
   763 | D        | Found Depron's Food Shop.
   905 | D        | Noticed a centaur warrior
   921 | D        | Killed a centaur warrior
   924 | D        | Reached skill level 5 in Short Blades
   925 | D        | Reached XP level 10. HP: 85/111 MP: 9/9
  1031 | D        | Killed an unseen horror
  1031 | D        | Received a gift from Trog
  1147 | D        | Received a gift from Trog
  1157 | D        | Reached skill level 5 in Staves
  1178 | D        | Received a gift from Trog
  1202 | D        | Received a gift from Trog
  1226 | D        | Received a gift from Trog
  1478 | D        | Noticed a spiny frog
  1478 | D        | Noticed a spiny frog
  1485 | D        | Killed a spiny frog
  1491 | D        | Killed a spiny frog
  1620 | D        | Received a gift from Trog
  1669 | D        | Reached XP level 11. HP: 65/123 MP: 10/10
  1773 | D        | Noticed Rupert
  1781 | D        | Killed Rupert
  1796 | D        | Noticed a death yak
  1797 | D        | Noticed a death yak
  1798 | D        | Noticed a death yak
  1801 | D        | Noticed a death yak
  1804 | D        | Killed a death yak
  1804 | D        | Received a gift from Trog
  1807 | D        | Killed a death yak
  1807 | D        | Reached skill level 10 in Staves
  1817 | D        | Killed a death yak
  1831 | D        | Killed a death yak
  1861 | D        | Noticed an azure jelly
  1861 | D        | Noticed an azure jelly
  1862 | D        | Noticed an azure jelly
  1862 | D        | Noticed an azure jelly
  1864 | D        | Received a gift from Trog
  2084 | D        | Found Plog's Antique Weapon Shoppe.
  2084 | D        | Found Rewemoown's Jewellery Boutique.
  2086 | D        | Found Cagootuipt's Magic Scroll Emporium.
  2177 | D        | Bought an uncursed ring of protection from fire for 350 gold pieces
  2334 | D        | Noticed a fire dragon
  2344 | D        | Noticed Xtahua
  2347 | D        | Killed a fire dragon
  2351 | D        | Killed from afar by Xtahua

Vault maps used:
D:        dungeon_sprint_mu

Skill      XL: |  1  2  3  4  5  6  7  8  9 10 11 |
---------------+----------------------------------+-----
Fighting       | 3 4 5 7 8 9 10 11 12 | 12.8
Maces & Flails | 4 5 8 9 10 11 12 | 12.7
Dodging        | 3 4 5 7 8 9 10 11 12 | 12.4
Stealth        | 1 2 3 |  3.9
Short Blades   | 3 5 |  5.5
Staves         | 2 8 11 | 11.5

Action                   |  1- 3 |  4- 6 |  7- 9 | 10-12 || total
-------------------------+-------+-------+-------+-------++-------
Melee: Mace              |    32 |    13 |    31 |       ||    76
       Rapier            |       |       |    24 |       ||    24
       Quarterstaff      |       |       |    24 |   242 ||   266
Invok: Berserk           |     3 |     2 |     4 |     3 ||    12
       Burn Spellbooks   |       |       |     1 |       ||     1
       Brothers in Arms  |       |       |     1 |     5 ||     6
       Trog's Hand       |       |       |       |     1 ||     1
  Use: Potion            |     4 |       |       |       ||     4
 Stab: Sleeping          |     1 |       |     1 |     2 ||     4
  Eat: Chunk             |     5 |       |    17 |    16 ||    38
Armor: Animal skin       |     5 |       |       |       ||     5
       Robe              |     5 |     1 |    13 |    60 ||    79
Dodge: Dodged            |    26 |     8 |    31 |   165 ||   230
